 Dungeon Crawl Stone Soup version 0.26-a0-1184-g95e395e029 (webtiles) character file.

Game seed: 13651469909720771816

394094 jasper the Executioner (level 21, -7/174 HPs)
             Began as a Palentonga Fighter on Dec 27, 2020.
             Was the Champion of Ashenzari.
             Mangled by an iron troll (13 damage)
             ... on level 5 of the Depths.
             The game lasted 01:18:02 (35646 turns).

jasper the Executioner (Palentonga Fighter)        Turns: 35646, Time: 01:18:02

Health: -7/174     AC: 39    Str: 33    XL:     21   Next: 82%
Magic:  15/18      EV: 17    Int: 11    God:    Ashenzari [******]
Gold:   1045       SH: 14    Dex:  8    Spells: 3/20 levels left

rFire    + + +     SeeInvis +   P - +9 broad axe (spect) (curse)
rCold    + + .     Faith    .   Z - +2 shield of Resistance {rF++ rC++ Will++} (curse)
rNeg     + . .     Spirit   .   B - quicksilver dragon scales of the Trees {Will+ rCorr Str+7 Int+2} (curse)
rPois    +         Reflect  .   C - +2 helmet (curse)
rElec    +         Harm     .   c - +1 cloak of Starlight {*Dazzle EV+4 Stlth--} (curse)
rCorr    +         Rampage  .   D - +3 pair of gauntlets of War {Slay+5} (curse)
Will     ++++.     Clarity  +   a - +1 barding of Yredelemnul's Favour {rElec rCorr Str+4 Dex-4} (curse)
Stlth    ..........             x - amulet of regeneration (curse)
HPRegen  0.79/turn              A - ring "Saxuo" {*Slow rElec rPois rF+ Str+3} (curse)
MPRegen  0.16/turn              W - ring of positive energy (curse)

@: curled up
A: large, rugged brown scales 3, see invisible, [berserk 1], clarity, [clumsy
2], deformed body, [frail 2], [low mp 1], screaming 1, [weak 2], roll 2,
armoured tail, reflexive curl
}: 3/15 runes: decaying, abyssal, gossamer
a: Rolling Charge, Renounce Religion, Curse Item, Scrying, Transfer Knowledge


You were on level 5 of the Depths.
You worshipped Ashenzari.
Ashenzari was exalted by your worship.
You visited 8 branches of the dungeon, and saw 40 of its levels.
You visited the Abyss 4 times.
You also visited: Trove, Bailey and Volcano.

You collected 4800 gold pieces.
You spent 3755 gold pieces at shops.

Inventory:

Hand Weapons
 P - a cursed +9 spectral broad axe (weapon)
Missiles
 z - 8 throwing nets (quivered)
 G - 13 javelins
Armour
 a - the cursed +1 barding of Yredelemnul's Favour (worn) {rElec rCorr Str+4 Dex-4}
   (You found it in a treasure trove)

   It affects your strength (+4).
   It affects your dexterity (-4).
   It insulates you from electricity.
   It provides partial protection from all sources of acid and corrosion.
   It has a curse placed upon it.
 c - the cursed +1 cloak of Starlight (worn) {*Dazzle EV+4 Stlth--}
   (You found it in a treasure trove)

   It affects your evasion (+4).
   It makes you much less stealthy.
   It has a curse placed upon it.
 B - the cursed quicksilver dragon scales of the Trees (worn) {Will+ rCorr Str+7 Int+2}
   (You found it on level 3 of the Elven Halls)

   It affects your strength (+7).
   It affects your intelligence (+2).
   It affects your willpower, your defense against some magical effects.
   It provides partial protection from all sources of acid and corrosion.
   It has a curse placed upon it.
 C - a cursed +2 helmet (worn)
 D - the cursed +3 pair of gauntlets of War (worn) {Slay+5}
   (You found it in a treasure trove)

   It affects your accuracy and damage with ranged weapons and melee attacks
   (+5).
   It has a curse placed upon it.
 Z - the cursed +2 shield of Resistance (worn) {rF++ rC++ Will++}
   (You bought it in a shop on level 4 of the Dungeon)

   It greatly protects you from fire.
   It greatly protects you from cold.
   It affects your willpower, your defense against some magical effects.
   It has a curse placed upon it.
Jewellery
 x - a cursed amulet of regeneration (around neck)
 A - the cursed ring "Saxuo" (left hand) {*Slow rElec rPois rF+ Str+3}
   (You took it off a deep elf sorcerer on level 3 of the Elven Halls)

   [ring of protection from fire]

   It affects your strength (+3).
   It protects you from fire.
   It insulates you from electricity.
   It protects you from poison.
   It may slow you when you take damage.
   It has a curse placed upon it.
 W - a cursed ring of positive energy (right hand)
Wands
 g - a wand of flame (30)
 t - a wand of polymorph (2)
 v - a wand of iceblast (24)
 E - a wand of enslavement (5)
 M - a wand of paralysis (43)
 V - a wand of acid (54)
 Y - a wand of disintegration (18)
Scrolls
 b - 6 scrolls of immolation
 e - 22 scrolls of teleportation
 h - 5 scrolls of identify
 i - 10 scrolls of magic mapping
 n - a scroll of enchant weapon
 o - 8 scrolls of blinking
 p - 6 scrolls of fog
 q - 6 scrolls of fear
 r - 10 scrolls of remove curse
 w - 11 scrolls of enchant armour
 y - a scroll of summoning
 O - 2 scrolls of vulnerability
Potions
 j - 17 potions of curing
 s - 3 potions of mutation
 F - 5 potions of flight
 H - 3 potions of magic
 I - 3 potions of heal wounds
 J - 6 potions of resistance
 K - 5 potions of might
 L - 2 potions of cancellation
 Q - 5 potions of brilliance
 S - 7 potions of ambrosia
 T - 6 potions of haste
 U - 4 potions of invisibility
 X - 7 potions of attraction
Miscellaneous
 d - a tin of tremorstones (inert)
 k - a condenser vane
 l - a phantom mirror
 m - a box of beasts
 u - a lightning rod (4/4)
 N - a phial of floods


   Skills:
 - Level 20.0 Fighting
 + Level 23.6(26.8) Axes
 - Level 10.9(15.1) Armour
 - Level 10.7(15.0) Dodging
 - Level 6.2(9.3) Shields
 - Level 5.5(10.0) Necromancy
 - Level 5.5(10.0) Translocations
 - Level 11.1(15.3) Evocations


You had 3 spell levels left.
You knew the following spells:

 Your Spells              Type           Power        Failure   Level
a - Apportation           Tloc           44%          1%          1
b - Animate Skeleton      Necr           44%          1%          1
c - Shatter               Erth           0%           100%        9
d - Shadow Creatures      Summ           N/A          100%        6

Your spell library contained the following spells:

 Spells                   Type           Power        Failure   Level
 Corona                   Hex            1%           32%         1
 Foxfire                  Conj/Fire      4%           32%         1
 Summon Small Mammal      Summ           4%           32%         1
 Call Imp                 Summ           1%           45%         2
 Slow                     Hex            1%           45%         2
 Conjure Flame            Conj/Fire      1%           69%         3
 Inner Flame              Hex/Fire       1%           69%         3
 Summon Guardian Golem    Hex/Summ       1%           69%         3
 Summon Forest            Summ/Tloc      5%           80%         5
 Leda's Liquefaction      Hex/Erth       0%           97%         4
 Sticky Flame             Conj/Fire      1%           97%         4
 Bolt of Magma            Conj/Fire/Erth 0%           100%        5
 Fireball                 Conj/Fire      0%           100%        5
 Summon Demon             Summ           0%           100%        5
 Summon Mana Viper        Hex/Summ       1%           100%        5
 Yara's Violent Unravell  Hex/Tmut       0%           100%        5
 Iron Shot                Conj/Erth      0%           100%        6
 Statue Form              Tmut/Erth      0%           100%        6
 Malign Gateway           Summ/Tloc      5%           100%        7
 Monstrous Menagerie      Summ           0%           100%        7
 Summon Greater Demon     Summ           0%           100%        7
 Summon Hydra             Summ           0%           100%        7
 Discord                  Hex            0%           100%        8
 Summon Horrible Things   Summ           0%           100%        8


Dungeon Overview and Level Annotations

Branches:
Dungeon (15/15)            Temple (1/1) D:6            Lair (6/6) D:10
  Swamp (4/4) Lair:4       Spider (4/4) Lair:4        Slime (0/5) Lair:6
    Orc (2/2) D:12            Elf (3/3) Orc:2        Vaults (0/5) D:13
 Depths (5/5) D:15         Bailey (visited)         Volcano (visited)
    Zot: Depths:5

Altars:
Ashenzari
Cheibriados
Dithmenos
Elyvilon
Fedhas
Gozag
Hepliaklqana
Kikubaaqudgha
Makhleb
Nemelex Xobeh
Okawaru
Qazlal
Ru
Sif Muna
Uskayaw
Vehumet
Wu Jian
Xom
Zin
The Shining One
Jiyva

Shops:
D:4 ?[([[   D:9 [?==!   D:14 }   Orc:1 [   Orc:2 !:[[   Elf:1 [   Elf:2 =}?:
Depths:4 =(

Portals:
Hell: Lair:6
Abyss: Depths:4

Annotations:
D:8 2 runed translucent doors
Lair:1 3 runed translucent doors, Shayle's ghost, novice PaNe
Lair:3 1 runed translucent door, Ruicvywi's ghost, journeyman OgTm
Orc:2 3 runed translucent doors, Smugzug's ghost, journeyman HOFi
Elf:1 3 runed translucent doors, Zoiluhuo's ghost, adept MiFi
Elf:2 3 runed translucent doors
Elf:3 2 exclusions


Innate Abilities, Weirdness & Mutations

You are completely covered in rugged brown scales. (AC +3, +7% HP)
You have supernaturally acute eyesight. (SInv)
Armour fits poorly on your strangely shaped body.
You can roll at foes to attack.
You have a long armoured tail.
You curl defensively after being hit.
You possess an exceptional clarity of mind.
You occasionally shout uncontrollably at your foes.
[You tend to lose your temper in combat.]
[You are very clumsy. (Dex -4)]
[You are very frail. (-20% HP)]
[Your magical capacity is low. (-10% MP)]
[You are very weak. (Str -4)]


Message History

* * * LOW HITPOINT WARNING * * *
You feel the corruption within you wane somewhat.
You feel more energetic.
Your magic regains its normal vibrancy.
You feel healthier.
You take 20 damage, and have 19/174 hp.
Unknown command.
You slash the ettin! You tail-slap the ettin.
You kill the ettin!
You slash the spark wasp!
You kill the spark wasp!
You slash the deep troll shaman! You slash the spark wasp!
You slash the iron troll! You slice the spark wasp!!
You kill the spark wasp!
The spark wasp stings you!
* * * LOW HITPOINT WARNING * * *
The spark wasp shocks you. You resist.
* * * LOW HITPOINT WARNING * * *
The spark wasp barely misses your spectral weapon.
The iron troll bites you!
You die...

, , ,≈,≈ ,, , , ,, * *
,...≈............ *, *
..≈≈≈...........#, * ,
** ,.≈≈≈≈........<...
, ,,,,
.≈≈≈≈............ ,
,,,* ............#.≈≈≈
,, ***
,,,................,,,
* , ,,,........†Ty.# ,
* * **
,,,,.......y(@T.# ,,
,,* ,,*
,,..).....[[§##** * *
,,, ≈≈≈≈≈.....#.#{,, ,
* * , ≈≈≈≈.....###,
,{⌠ , * .≈≈≈....##* ,,
, , , , , ,
,.......##* +, ⌠,, ,*
, ,,,....#..** ,* ,, ,
** ,...##..,,, * ,, ⌠
,, ,,< ,*,, ,, ,, ,*


You could see an iron troll (fast), 2 spark wasps, a deep troll shaman and a
friendly +9 spectral broad axe (summoned).

Vanquished Creatures
  Xtahua (Depths:3)
  A golden dragon (Depths:4)
  Nikola (Spider:1)
  A profane servitor (Abyss:3)
  4 bone dragons (Abyss:3)
  Jorgrun (Swamp:1)
  A lich (Abyss:3)
  2 deep elf master archers (Elf:3)
  10 tentacled starspawn
  Frances (Spider:1)
  Kirke (Lair:4)
  2 iron dragons
  A balrug (Abyss:3)
  5 deep elf sorcerers (Elf:3)
  2 frost giants (Depths:4)
  An orc warlord (Bailey)
  A cacodemon (Abyss:1)
  3 ghost moths (Spider:4)
  6 emperor scorpions
  An angel (Abyss:2)
  An ironheart preserver (D:13)
  3 deep elf elementalists
  3 stone giants
  An ophan (Abyss:1)
  4 deep elf demonologists (Elf:3)
  15 very ugly things
  A lorocyproca (Abyss:3)
  3 entropy weavers
  4 deep elf annihilators
  2 bunyips
  3 spark wasps
  6 deep elf death magi
  An ettin (Depths:5)
  A blizzard demon (Abyss:3)
  3 eleionomae
  2 fire dragons
  3 green deaths
  Josephine (Lair:4)
  4 great orbs of eyes
  3 ice dragons
  5 deep elf high priests (Elf:3)
  17 hydras
  Fannar (D:11)
  8 rakshasas
  Harold (Lair:1)
  5 ghost crabs
  A catoblepas (Lair:5)
  6 boulder beetles
  A centaur warrior (Depths:1)
  11 two-headed ogres
  A death knight (Abyss:2)
  3 deep troll shamans
  14 dancing weapons
  2 alligators
  An ogre mage (D:15)
  8 thrashing horrors
  3 hell hogs
  3 deep troll earth magi
  6 death yaks (Lair:6)
  An orc high priest (Orc:2)
  3 spriggan berserkers
  Sonja (D:11)
  13 deep elf knights
  Nergalle (D:11)
  15 wretched stars
  A shadow wraith (Abyss:1)
  4 sixfirhies
  A flayed ghost (Abyss:3)
  5 deep trolls
  A spriggan druid (Swamp:2)
  9 swamp dragons
  66 starcursed masses
  An orange crystal statue (D:13)
  3 spatial maelstroms
  19 deep elf archers
  3 unseen horrors
  2 wizards
  6 glowing orange brains
  4 bog bodies
  A harpy (shapeshifter) (D:12)
  50 deep elf magi
  2 orc knights
  12 orb spiders
  A stone giant zombie (Abyss:3)
  5 will-o-the-wisps
  26 wolf spiders
  2 cyclopes
  22 ugly things
  6 orc sorcerers
  4 manticores
  A frost giant zombie (Abyss:2)
  3 salamanders (Volcano)
  A moth of wrath (Spider:3)
  5 worldbinders
  A black mamba (shapeshifter) (D:13)
  4 black mambas
  18 large abominations
  4 molten gargoyles (D:9)
  15 elephants
  4 orange demons
  An apocalypse crab (Abyss:4)
  2 gargoyles
  15 cane toads
  5 smoke demons
  Maggie (D:6)
  6 rime drakes
  2 kobold demonologists
  21 komodo dragons
  19 demonic crawlers
  An efreet (D:15)
  3 freezing wraiths
  2 hellwings (Abyss:3)
  8 ancient zymes
  2 ice devils (Lair:6)
  4 red devils
  8 meliai
  A queen bee (Abyss:4)
  16 hornets
  22 jumping spiders
  10 trolls
  6 tyrant leeches
  A bloated husk (Swamp:2)
  2 polar bears
  13 raiju
  12 dream sheep
  17 blink frogs
  5 flying skulls
  A shadow (D:14)
  29 tarantellas
  16 small abominations
  59 redbacks
  8 spriggans
  7 air elementals
  4 wraiths (Lair:4)
  8 water elementals
  6 ynoxinuls
  14 yaks
  A vampire (D:14)
  15 wyverns
  2 basilisks
  2 hogs (Lair:4)
  A golden eye (shapeshifter) (D:15)
  A golden eye (Abyss:1)
  4 steam dragons
  5 fire bats
  3 fire elementals (Elf:3)
  2 chaos spawn (Abyss:3)
  7 vampire mosquitoes (D:12)
  8 neqoxecs
  5 spatial vortices (Abyss:1)
  5 insubstantial wisps (Abyss:3)
  4 hell hounds
  15 water moccasins
  2 wargs (Orc:1)
  A swamp worm (shapeshifter) (Depths:4)
  12 swamp worms
  A soldier ant (D:11)
  5 ice beasts
  3 phantoms
  28 orc warriors
  A black bear (D:13)
  7 swamp drakes (Swamp:4)
  8 sky beasts
  A snapping turtle zombie (Abyss:3)
  A cane toad skeleton (Abyss:2)
  21 ogres
  A necrophage (D:8)
  4 eyes of draining
  8 wolves
  5 boggarts (D:15)
  A snapping turtle skeleton (Abyss:3)
  14 centaurs
  5 big kobolds
  20 bullfrogs
  3 earth elementals
  A wyvern skeleton (D:15)
  A scorpion (Lair:1)
  12 killer bees
  41 wights
  2 howler monkeys
  4 electric eels
  A lava snake (D:9)
  2 centaur zombies
  4 bullfrog zombies
  5 quasits
  2 iron imps (Abyss:1)
  14 hounds
  4 jellies
  32 orc priests
  4 bullfrog skeletons
  7 centaur skeletons
  Jessica (D:7)
  An iguana (D:12)
  29 orc wizards
  9 worker ants
  7 hell rats (Lair:6)
  A hound zombie (D:7)
  2 worker ant zombies
  17 adders
  2 gnolls (Bailey)
  2 howler monkey skeletons
  3 howler monkey zombies
  A shadow imp (D:9)
  8 white imps
  10 ufetubi
  4 oozes
  An adder zombie (D:3)
  An adder skeleton (D:5)
  A worm (D:2)
  A dart slug (D:3)
  3 leopard geckos
  91 orcs
  3 ball pythons
  7 bats
  2 giant cockroaches
  16 goblins
  14 hobgoblins
  3 jackals (D:7)
  34 kobolds
  6 quokkas
  4 frilled lizards
  3 leopard gecko skeletons
  A quokka skeleton (D:9)
  A quokka zombie (D:8)
  9 rats
  5 crawling corpses
  3 lurking horrors (Abyss:3)
  3 starspawn tentacles (Abyss:2)
1587 creatures vanquished.

Vanquished Creatures (collateral kills)
  the Lernaean hydra (Swamp:4)
  2 hydras (Swamp:4)
  A swamp worm (Swamp:4)
4 creatures vanquished.

Vanquished Creatures (others)
  A hydra (Swamp:4)
  3 deep elf knights
  A spriggan (Swamp:2)
  A swamp dragon (Swamp:4)
  A spriggan druid (Swamp:2)
  A bloated husk (Swamp:2)
  A jumping spider (Spider:1)
  A hornet (Swamp:2)
  An air elemental (Elf:1)
  A redback (Spider:2)
  A quokka (D:6)
  A crawling corpse (Elf:1)
  16 foxfires
  27 fungi
  64 plants
  18 starspawn tentacles
139 creatures vanquished.

Grand Total: 1730 creatures vanquished

Notes
Turn   | Place    | Note
-------+----------+-------------------------------------------
     0 | D:1      | jasper the Palentonga Fighter began the quest for the Orb.
     0 | D:1      | Reached XP level 1. HP: 20/20 MP: 1/1
   279 | D:1      | You fall into a shaft and drop 1 floor!
   304 | D:1      | Reached XP level 2. HP: 26/27 MP: 2/2
   994 | D:2      | Reached XP level 3. HP: 33/33 MP: 3/3
  1504 | D:2      | Reached skill level 3 in Axes
  1876 | D:3      | Found a blossoming altar of Fedhas.
  1968 | D:3      | Reached XP level 4. HP: 38/40 MP: 4/4
  2113 | D:3      | Found a stormy altar of Qazlal.
  2310 | D:3      | Found a shimmering altar of Xom.
  2505 | D:3      | Found a sparkling altar of Nemelex Xobeh.
  3009 | D:4      | Noticed an ogre
  3021 | D:3      | Reached XP level 5. HP: 40/49 MP: 5/5
  3284 | D:4      | Reached skill level 4 in Axes
  3375 | D:5      | Entered Level 5 of the Dungeon
  3478 | D:5      | Reached XP level 6. HP: 55/55 MP: 6/6
  3836 | D:5      | Reached skill level 5 in Axes
  3836 | D:5      | Gained mutation: You curl defensively after being hit.
                  | [Palentonga growth]
  3836 | D:5      | Reached XP level 7. HP: 33/64 MP: 7/7
  4403 | D:5      | Reached skill level 1 in Evocations
  4501 | D:5      | Gained mutation: You can roll at foes to attack. [potion of
                  | mutation]
  4501 | D:5      | Gained mutation: You possess an exceptional clarity of
                  | mind. [potion of mutation]
  4610 | D:4      | Found Weatan's Antique Weapon Shop.
  4613 | D:4      | Bought a runed war axe for 130 gold pieces
  4618 | D:4      | Found Ibuang's Antique Armour Emporium.
  4631 | D:4      | Found Ocou's Antique Armour Shop.
  4676 | D:4      | Bought a cloak for 103 gold pieces
  4722 | D:4      | Found Roagank's Antique Armour Shoppe.
  4727 | D:4      | Found Rena's Magic Scroll Emporium.
  5618 | D:6      | Noticed Maggie
  5624 | D:6      | Reached XP level 8. HP: 68/69 MP: 8/8
  5629 | D:6      | Killed Maggie
  5630 | D:6      | Reached skill level 5 in Fighting
  5630 | D:6      | Reached skill level 6 in Axes
  5952 | D:6      | Found a hazy altar of Hepliaklqana.
  6002 | D:6      | Found a staircase to the Ecumenical Temple.
  6110 | Temple   | Entered the Ecumenical Temple
  6119 | Temple   | Became a worshipper of Ashenzari the Shackled
  6258 | D:6      | Reached skill level 7 in Axes
  6665 | D:7      | Reached XP level 9. HP: 70/80 MP: 9/9
  6755 | D:7      | Found a flagged portal.
  6768 | Bailey   | Entered a bailey
  6773 | Bailey   | Noticed an orc warlord
  6977 | Bailey   | Found a runed translucent gate.
  6977 | Bailey   | Found a runed translucent gate.
  6977 | Bailey   | Found a runed translucent gate.
  7255 | Bailey   | Killed an orc warlord
  7256 | Bailey   | Reached skill level 8 in Axes
  7256 | Bailey   | Reached skill level 5 in Armour
  7256 | Bailey   | Reached skill level 5 in Shields
  7379 | D:7      | Noticed Jessica
  7383 | D:7      | Killed Jessica
  7389 | D:7      | Found a shimmering blue altar of Sif Muna.
  7601 | D:7      | Reached XP level 10. HP: 84/89 MP: 10/10
  7878 | D:7      | Reached skill level 9 in Axes
  8118 | D:8      | Identified the cursed +1 robe of Lorher {Harm +Blink Regen+
                  | Str-5}
  8144 | D:8      | Reached * piety under Ashenzari
  8247 | D:8      | Found a large runed translucent door.
  8247 | D:8      | Found a large runed translucent door.
  8335 | D:8      | Found a large runed translucent door.
  8335 | D:8      | Found a large runed translucent door.
  8412 | D:8      | Found an iron altar of Okawaru.
  8419 | D:8      | Found a glowing silver altar of Zin.
  8536 | D:8      | Found an ornate altar of the Wu Jian Council.
  8760 | D:8      | Paralysed by an orc for 5 turns
  9055 | D:8      | Reached skill level 5 in Evocations
  9060 | D:8      | Noticed an unseen horror
  9089 | D:8      | Killed an unseen horror
  9204 | D:9      | Noticed a molten gargoyle
  9207 | D:9      | Noticed a molten gargoyle
  9207 | D:9      | Noticed a molten gargoyle
  9435 | D:9      | Found Nenistry's Jewellery Shop.
  9437 | D:9      | Found an opulent altar of Gozag.
  9476 | D:10     | Entered Level 10 of the Dungeon
  9501 | D:10     | Reached skill level 10 in Axes
  9805 | D:10     | Reached ** piety under Ashenzari
 10249 | D:10     | Noticed a two-headed ogre
 10258 | D:10     | Killed a two-headed ogre
 10259 | D:10     | Reached XP level 11. HP: 90/100 MP: 11/11
 10624 | D:10     | Found a staircase to the Lair.
 10847 | D:11     | Noticed Sonja
 10856 | D:11     | Killed Sonja
 10940 | D:11     | Found a portal to a secret trove of treasure.
 10950 | Trove    | Entered a treasure trove
 10960 | Trove    | Found the cursed +3 pair of gauntlets of War {Slay+5}
 10960 | Trove    | Identified the +1 pair of gloves of Poor Excuses {+Inv rF+}
 10972 | Trove    | Found the cursed +0 pair of fencer's gloves {Riposte Dex+3}
 10984 | Trove    | Found the +1 cloak of Starlight {*Dazzle EV+4 Stlth--}
 10999 | Trove    | Got the cursed barding of Yredelemnul's Favour {rElec rCorr
                  | Str+4 Dex-4}
 11044 | D:11     | Identified the cursed +1 barding of Yredelemnul's Favour
                  | {rElec rCorr Str+4 Dex-4} (You found it in a treasure
                  | trove)
 11110 | D:11     | Reached skill level 11 in Axes
 11259 | D:11     | Noticed Fannar
 11280 | D:11     | Killed Fannar
 11434 | D:11     | Noticed Nergalle
 11454 | D:11     | Killed Nergalle
 11962 | D:12     | Noticed a harpy
 11968 | D:12     | Killed a harpy
 12035 | D:12     | Found a staircase to the Orcish Mines.
 12145 | D:12     | Noticed a two-headed ogre
 12153 | D:12     | Killed a two-headed ogre
 12154 | D:12     | Reached XP level 12. HP: 101/111 MP: 12/12
 12229 | D:12     | Reached skill level 12 in Axes
 12319 | D:12     | Noticed a two-headed ogre
 12328 | D:12     | Killed a two-headed ogre
 12953 | Orc:1    | Entered Level 1 of the Orcish Mines
 13381 | Orc:1    | Cast into level 1 of the Abyss (orc warrior)
 13457 | Orc:1    | Escaped the Abyss
 13520 | Orc:1    | Found Nosinuh's Armour Shoppe.
 13547 | Orc:2    | Entered Level 2 of the Orcish Mines
 13705 | Orc:2    | Reached skill level 10 in Fighting
 13705 | Orc:2    | Reached skill level 13 in Axes
 13794 | Orc:2    | Noticed an orc high priest
 13804 | Orc:2    | Killed an orc high priest
 13964 | Orc:2    | Found Sauxaasm's Armour Emporium.
 13964 | Orc:2    | Found Epnature's Armour Emporium.
 13965 | Orc:2    | Found Fufit's Distillery.
 13968 | Orc:2    | Found Jagel's Book Shoppe.
 14029 | Orc:2    | Reached XP level 13. HP: 120/120 MP: 13/13
 14126 | Orc:2    | Found a runed translucent gate.
 14126 | Orc:2    | Found a runed translucent gate.
 14126 | Orc:2    | Found a runed translucent gate.
 14127 | Orc:2    | Noticed Smugzug's ghost (journeyman HOFi)
 14177 | Orc:2    | Found a staircase to the Elven Halls.
 14646 | Lair:1   | Entered Level 1 of the Lair of Beasts
 14646 | Lair:1   | Reached *** piety under Ashenzari
 14851 | Lair:1   | Found a runed translucent gate.
 14851 | Lair:1   | Found a runed translucent gate.
 14851 | Lair:1   | Found a runed translucent gate.
 14972 | Lair:1   | Noticed Shayle's ghost (novice PaNe)
 15214 | Lair:1   | Found the +8 whip "Snakebite" {curare, rPois}
 15312 | Lair:1   | Noticed Harold
 15316 | Lair:1   | Killed Harold
 15517 | Lair:2   | Found a dark tunnel.
 15525 | Volcano  | Entered a volcano
 15650 | Volcano  | Reached skill level 14 in Axes
 15732 | Volcano  | Noticed a fire dragon
 15743 | Volcano  | Killed a fire dragon
 15982 | Lair:2   | Reached **** piety under Ashenzari
 16812 | Lair:3   | Found a runed translucent door.
 16812 | Lair:3   | Noticed Ruicvywi's ghost (journeyman OgTm)
 17196 | Lair:4   | Noticed Kirke
 17211 | Lair:4   | Killed Kirke
 17212 | Lair:4   | Reached XP level 14. HP: 130/132 MP: 14/14
 17669 | D:4      | Bought the +2 shield of Resistance {rF++ rC++ Will++} for
                  | 1817 gold pieces
 17669 | D:4      | Found the +2 shield of Resistance {rF++ rC++ Will++}
 17838 | D:9      | Found Seugh's Jewellery Shop.
 18128 | D:9      | Found Yxziu's Magic Scroll Shoppe.
 18214 | D:9      | Found Yciejeq's Distillery.
 18215 | D:9      | Reached skill level 15 in Axes
 18215 | D:9      | Reached skill level 10 in Evocations
 18215 | D:9      | Reached XP level 15. HP: 141/141 MP: 15/15
 18216 | D:9      | Reached skill level 5 in Dodging
 18216 | D:9      | Reached XP level 16. HP: 148/148 MP: 16/16
 18271 | D:9      | Reached ***** piety under Ashenzari
 18325 | D:9      | Found Akkody's Antique Armour Shop.
 18619 | Lair:4   | Noticed Josephine
 18626 | Lair:4   | Killed Josephine
 18670 | Lair:4   | Found a hole to the Spider Nest.
 18959 | Lair:4   | Found a staircase to the Swamp.
 18963 | Lair:4   | Reached skill level 10 in Armour
 19189 | Lair:5   | Identified a scroll of acquirement
 19189 | Lair:5   | Acquired 852 gold pieces
 19769 | Lair:6   | Entered Level 6 of the Lair of Beasts
 20150 | Lair:6   | Reached skill level 16 in Axes
 20627 | Lair:6   | Found a burning altar of Makhleb.
 20652 | Lair:6   | Found a gateway to Hell.
 20728 | Lair:6   | Found a viscous altar of Jiyva.
 20728 | Lair:6   | Found a staircase to the Slime Pits.
 21256 | D:4      | Bought a scroll of identify for 20 gold pieces
 21256 | D:4      | Bought a scroll of identify for 20 gold pieces
 21256 | D:4      | Bought a scroll of teleportation for 30 gold pieces
 21256 | D:4      | Bought 3 scrolls of magic mapping for 105 gold pieces
 21256 | D:4      | Bought a scroll of magic mapping for 35 gold pieces
 21256 | D:4      | Bought a scroll of teleportation for 30 gold pieces
 21256 | D:4      | Bought a scroll of enchant weapon for 75 gold pieces
 21475 | Orc:2    | Bought a potion of mutation for 112 gold pieces
 21475 | Orc:2    | Bought a potion of curing for 42 gold pieces
 21475 | Orc:2    | Bought a potion of might for 56 gold pieces
 21475 | Orc:2    | Bought a potion of ambrosia for 112 gold pieces
 21475 | Orc:2    | Bought a potion of haste for 140 gold pieces
 21475 | Orc:2    | Bought 2 potions of curing for 84 gold pieces
 21475 | Orc:2    | Bought 2 potions of haste for 280 gold pieces
 21475 | Orc:2    | Bought a potion of curing for 42 gold pieces
 21475 | Orc:2    | Bought a potion of curing for 42 gold pieces
 21475 | Orc:2    | Bought a potion of curing for 42 gold pieces
 21475 | Orc:2    | Bought a potion of flight for 42 gold pieces
 21586 | D:13     | Learned a level 1 spell: Apportation
 21779 | D:13     | Identified the +9 falchion "Cepilug" {flame, Str+3}
 21861 | D:13     | Identified the +1 whip "Erast" {vorpal, rC+}
 21863 | D:13     | Identified the Papyrus of Ensnaring Creation
 22028 | D:13     | Found a gate to the Vaults.
 22543 | D:13     | Reached ****** piety under Ashenzari
 22558 | D:14     | Reached XP level 17. HP: 142/158 MP: 17/17
 22652 | D:14     | Found Kesifemm's Gadget Emporium.
 22786 | D:14     | Found a hide-covered altar of Uskayaw.
 23284 | D:15     | Entered Level 15 of the Dungeon
 23471 | D:15     | Found a stormy altar of Qazlal.
 23743 | D:15     | Found a staircase to the Depths.
 23766 | D:15     | Learned a level 1 spell: Animate Skeleton
 24001 | Spider:1 | Entered Level 1 of the Spider Nest
 24047 | Spider:1 | Identified the +0 pair of gloves "Qunn" {Int+4}
 24047 | Spider:1 | Noticed Nikola
 24069 | Spider:1 | Killed Nikola
 24070 | Spider:1 | Reached skill level 1 in Necromancy
 24070 | Spider:1 | Reached skill level 1 in Translocations
 24470 | Elf:1    | Entered Level 1 of the Elven Halls
 24670 | Elf:1    | Found Ezeantal's Armour Emporium.
 24788 | Elf:1    | Identified the ring "Luysohy" {*Drain rC+ Will+ rCorr
                  | Dex+2}
 24789 | Elf:1    | Noticed Zoiluhuo's ghost (adept MiFi)
 24798 | Elf:1    | Found a runed translucent gate.
 24798 | Elf:1    | Found a runed translucent gate.
 24798 | Elf:1    | Found a runed translucent gate.
 24931 | Elf:1    | Reached skill level 15 in Fighting
 25595 | Elf:2    | Reached XP level 18. HP: 144/174 MP: 18/18
 25691 | Elf:2    | Found Lephehus's Gadget Shoppe.
 25692 | Elf:2    | Found Jyotseon's Jewellery Shop.
 25886 | Elf:2    | Found Ylillo's Book Shop.
 25909 | Elf:2    | Reached skill level 5 in Necromancy
 25911 | Elf:2    | Reached skill level 5 in Translocations
 26075 | Elf:2    | Found Gef Avo's Magic Scroll Emporium.
 26160 | Elf:2    | Bought a scroll of vulnerability for 112 gold pieces
 26160 | Elf:2    | Bought a scroll of teleportation for 45 gold pieces
 26160 | Elf:2    | Bought a scroll of immolation for 52 gold pieces
 26160 | Elf:2    | Bought a scroll of teleportation for 45 gold pieces
 26160 | Elf:2    | Bought a scroll of identify for 30 gold pieces
 26160 | Elf:2    | Bought a scroll of enchant armour for 112 gold pieces
 26207 | Elf:2    | Found a runed translucent gate.
 26207 | Elf:2    | Found a runed translucent gate.
 26207 | Elf:2    | Found a runed translucent gate.
 26243 | Elf:2    | Identified the +6 short sword of Dawn {drain, +Inv rF++ rC-
                  | Int+4}
 26354 | Elf:3    | Entered Level 3 of the Elven Halls
 27649 | Elf:3    | Identified the +7 battleaxe "Ymaub" {venom, rC+ Stlth+}
 27649 | Elf:3    | Identified the ring "Saxuo" {*Slow rElec rPois rF+ Str+3}
 27651 | Elf:3    | Identified the +3 arbalest of Destiny {freeze, Dex+3}
 27669 | Elf:3    | Got the uncursed quicksilver dragon scales of the Trees
                  | {Will+ rCorr Str+7 Int+2}
 27680 | Elf:3    | Identified the quicksilver dragon scales of the Trees
                  | {Will+ rCorr Str+7 Int+2} (You found it on level 3 of the
                  | Elven Halls)
 27778 | Elf:3    | Noticed an Ice Fiend
 28245 | Spider:1 | Noticed Frances
 28261 | Spider:1 | Killed Frances
 29046 | Spider:2 | Reached XP level 19. HP: 128/189 MP: 19/19
 29266 | Spider:3 | Reached skill level 10 in Dodging
 29336 | Spider:4 | Entered Level 4 of the Spider Nest
 29398 | Spider:4 | Acquired a manual of Axes
 30042 | Spider:4 | Got a gossamer rune of Zot
 30053 | Spider:4 | Learned a level 9 spell: Shatter
 30286 | Swamp:1  | Entered Level 1 of the Swamp
 30288 | Swamp:1  | Identified the +1 scale mail "Niggieca" {Will+}
 30316 | Swamp:2  | Noticed Jorgrun
 30333 | Swamp:1  | Killed Jorgrun
 30849 | Swamp:4  | Entered Level 4 of the Swamp
 30955 | Swamp:4  | Noticed the 27-headed Lernaean hydra
 30967 | Swamp:4  | Killed the 27-headed Lernaean hydra
 30990 | Swamp:4  | Reached XP level 20. HP: 68/206 MP: 20/20
 30994 | Swamp:4  | Reached skill level 17 in Axes
 31063 | Swamp:4  | Got a decaying rune of Zot
 31409 | Depths:1 | Entered Level 1 of the Depths
 31563 | Depths:3 | Reached skill level 18 in Axes
 31564 | Depths:3 | Noticed Xtahua
 31572 | Depths:3 | Killed Xtahua
 31653 | Depths:4 | Reached skill level 19 in Axes
 31679 | Depths:4 | Found Aneshrifek's Antique Weapon Shoppe.
 31989 | Depths:4 | Noticed a golden dragon
 31994 | Depths:4 | Killed a golden dragon
 32024 | Depths:4 | Reached skill level 20 in Axes
 32038 | Depths:4 | Found a one-way gate to the infinite horrors of the Abyss.
 32053 | Depths:4 | Voluntarily entered the Abyss.
 32053 | Abyss:1  | Found a corrupted altar of Lugonu.
 32509 | Abyss:3  | Noticed a bone dragon
 32520 | Abyss:3  | Killed a bone dragon
 32699 | Abyss:3  | Identified the +1 leather armour of Weak Birdsong {rC+ rN+
                  | Int+2 Stlth+} (You found it on level 13 of the Dungeon)
 32699 | Abyss:3  | Identified the cursed +1 robe of Dogma {rF+ rC+}
 32699 | Abyss:3  | Identified the cursed +0 scale mail of Zin's Fury {rC+
                  | Regen+} (You found it on level 3 of the Elven Halls)
 32699 | Abyss:3  | Identified the +6 chain mail of the Clam {Stlth+} (You
                  | found it on level 3 of the Elven Halls)
 32735 | Abyss:3  | Paralysed by accursed screaming for 1 turns
 32745 | Abyss:3  | Paralysed by accursed screaming for 1 turns
 32769 | Abyss:3  | Noticed a bone dragon
 32782 | Abyss:3  | Killed a bone dragon
 32783 | Abyss:3  | Reached skill level 21 in Axes
 32783 | Abyss:3  | HP: 7/206 [cyan very ugly thing (14)]
 32785 | Depths:4 | Escaped the Abyss
 33023 | Depths:4 | Voluntarily entered the Abyss.
 33249 | Abyss:2  | Identified the +1 chain mail of Panentheism {rCorr Str+7
                  | Stlth+}
 33745 | Abyss:3  | Reached XP level 21. HP: 135/154 MP: 16/16
 33848 | Abyss:3  | Paralysed by accursed screaming for 2 turns
 33851 | Depths:4 | Escaped the Abyss
 34065 | Depths:4 | Voluntarily entered the Abyss.
 34069 | Abyss:1  | Identified the +8 hunting sling "Yvautaom" {freeze, +Blink
                  | rElec SInv Stlth+}
 34072 | Abyss:1  | Reached skill level 22 in Axes
 34264 | Abyss:1  | Paralysed by accursed screaming for 1 turns
 34268 | Abyss:1  | Paralysed by accursed screaming for 2 turns
 34368 | Abyss:1  | Gained mutation: You frequently scream uncontrollably at
                  | your foes. [a neqoxec]
 34444 | Abyss:1  | Paralysed by accursed screaming for 1 turns
 34503 | Abyss:2  | Found a corrupted altar of Lugonu.
 34950 | Abyss:3  | Noticed a profane servitor
 34957 | Abyss:3  | Reached skill level 23 in Axes
 34963 | Abyss:3  | Killed a profane servitor
 35422 | Abyss:4  | Got an abyssal rune of Zot
 35497 | Depths:4 | Escaped the Abyss
 35605 | Depths:4 | Found Cudeim's Jewellery Shoppe.
 35624 | Depths:4 | Learned a level 6 spell: Shadow Creatures
 35633 | Depths:5 | Entered Level 5 of the Depths
 35646 | Depths:5 | HP: 6/174 [spark wasp (5)]
 35646 | Depths:5 | Mangled by an iron troll

Illustrated notes

Levels and vault maps discovered:
D:1:      doesnt_arrival_eight_statues, layout_loops_ring
D:2:      layout_basic
D:3:      wander_river, layout_basic, lemuel_doored_altar, nemelex_altar_shiori,
          old_standard_altar, minmay_curled_crystal, fedhas_altar_fruit_tree
D:4:      layout_cave_pods, serial_shops, shop_statue,
          nicolae_shop_temple_entry_statues_fountains, kennysheep_mini,
          nicolae_shop_behind_doors, shop_scrolls
D:5:      layout_loops_ring, water_maze_lemuel
D:6:      layout_rooms, lemuel_round_altar, lemuel_temple_firewalk_a,
          minmay_misc_feat_iff, uniq_maggie
D:7:      layout_basic, tgw_sif, enter_bailey_3, kennysheep_generic_room_10
D:8:      layout_loops_ring, nzn_wu_jian_contemplation, zin_treasury,
          overflow_temple_1_default, grunt_ministairs_12,
          minmay_hollow_rounded_squares
D:9:      layout_small_grid, nicolae_gozag_seed_capital, serial_shops, shop,
          shop, shop, nicolae_shop_trees, kennysheep_mini_moat, minivault_8
D:10:     layout_long_grid, erik_lair_dragon, serial_bayou_lake_a
D:11:     layout_small_grid, nicolae_trove_entry_isolated, uniq_nergalle,
          uniq_fannar, uniq_sonja
D:12:     layout_irregular_city, erik_orc_3, st_stairs_10
D:13:     layout_big_octagon, skrybe_vaults_entry_preservation, minivault_16,
          minmay_the_grid_2x2 [minmay_the_grid_zigzag_pyramid,
          minmay_the_grid_empty, minmay_the_grid_diamond_grid,
          minmay_the_grid_prize_diamond_cup]
D:14:     kennysheep_demon_hangout, layout_small_grid, basic_altar,
          serial_shops, shop_fountains, corexii_corridor_pit
D:15:     grunt_enter_depths_hoard, layout_rooms, basic_altar,
          minmay_misc_feat_five
Temple:   cyrus_circular_temple
Lair:1:   minmay_guarded_unrand_snakebite, layout_loops_ring,
          gammafunk_ghost_icy, uniq_harold
Lair:2:   layout_loops_ring, nicolae_volcano_entry_hallway,
          small_statue_intersection, infiniplex_staircase_pool
Lair:3:   layout_chaotic_city, ebering_ghost_reflecting_pool, grunt_megastairs_5
Lair:4:   layout_loops_ring, nicolae_swamp_entry_splash_gauntlet,
          spider_nest_entry_web_field, lemuel_fruit_tree, serial_bayou_shore_a,
          uniq_josephine, uniq_kirke
Lair:5:   layout_gridlike, grunt_forest_large_clearing_hut
Lair:6:   evil_forest, layout_cave_pods, slime_altar_1, fungi_pond_lemuel
Swamp:1:  cheibrodos_swamp_monstrosity, layout_falls_marsh,
          evilmike_swamp_ruin_rubble_1, swamp_pool1
Swamp:2:  layout_basic_swamp, evilmike_swamp_ruin_house_4, uniq_jorgrun
Swamp:3:  layout_basic_swamp, nicolae_swamp_feature_on_the_river_bank
Swamp:4:  swamp_old_school, layout_basic_swamp, swamp_pool5,
          statue_in_the_mist_lemuel
Spider:1: layout_chambers, uniq_frances, uniq_nikola
Spider:2: layout_spider_delve, hangedman_spider_mandibles
Spider:3: layout_spider_delve, nicolae_spider_circle_web, nicolae_spider_shape
Spider:4: guppyfry_spider_rune, hangedman_stitches_earthworm
Orc:1:    layout_diamond_mine, serial_shops, shop_statue, nicolae_orc_lava_room
Orc:2:    st_orc_mages, layout_caves, ebering_ghost_rock_garden
Elf:1:    layout_gridlike, gammafunk_ghost_split, serial_shops, shop,
          minivault_28
Elf:2:    layout_loops_ring, serial_shops, shop, nicolae_shop_crystal, shop,
          shop
Elf:3:    minmay_elf_hall_curves, layout_loops_cross, drop_trap,
          eino_tiny_chamber, hangedman_elven_pyramids
Depths:1: layout_twisted_cross, minivault_11, lightli_too_deep,
          rand_demon_pan_entry_8, st_stairs_11, serial_bayou_ford_a,
          minivault_22, skrybe_limestone_x, minmay_holes,
          kennysheep_inner_square, uniq_aizul
Depths:2: minmay_blocking_statues, layout_cave_pools, enter_ziggurat_a,
          hell_entry, serial_sigils_hangedman_stare,
          infiniplex_staircase_pillars_3a
Depths:3: grunt_runaround [grunt_runaround_doors_1, grunt_runaround_doors_2,
          grunt_runaround_doors_3, grunt_runaround_doors_4,
          grunt_runaround_loot], pan_entry, hell_entry, uniq_saint_roka,
          uniq_xtahua, uniq_mennas
Depths:4: cheibrodos_salmonella, layout_cave_shapes, serial_shops, shop, shop,
          shop, nicolae_shop_waterfront, abyss_entry_glasseish, pf_coc_iceberg,
          infiniplex_staircase_pool_lava
Depths:5: grunt_zot_entry_gee_three, layout_cave_pools,
          abyss_entry_small_statue_room, mu_enter_wizlab_2, serial_shops,
          bzr_in_the_mist, grunt_pan_entry_zigzag, hell_entry,
          minmay_fountain_box

Skill      XL: |  1  2  3  4  5  6  7  8  9 10 11 12 13 14 15 16 17 18 19 20 21 |
---------------+----------------------------------------------------------------+-----
Axes           | 3 4 5 7 8 10 11 13 14 15 16 21 23 | 23.6
Armour         | 3 4 5 6 7 8 9 10 | 10.9
Shields        | 3 4 5 6 |  6.2
Fighting       | 4 5 6 8 9 10 11 12 15 17 20 | 20.0
Evocations     | 2 3 4 5 7 8 9 10 11 | 11.1
Dodging        | 5 7 9 10 | 10.7
Necromancy     | 4 5 |  5.5
Translocations | 4 5 |  5.5

Action                   |  1- 3 |  4- 6 |  7- 9 | 10-12 | 13-15 | 16-18 | 19-21 || total
-------------------------+-------+-------+-------+-------+-------+-------+-------++-------
Melee: War axe           |   111 |   144 |   209 |   308 |       |       |       ||   772
       Tailslap          |     9 |    22 |    32 |    80 |    46 |   159 |   254 ||   602
       Broad axe         |       |       |       |   272 |   262 |   928 |  1090 ||  2552
Throw: Stone             |    15 |       |       |       |       |       |       ||    15
       Dart              |    21 |    23 |       |       |       |       |       ||    44
       Boomerang         |       |    14 |    30 |    15 |       |       |       ||    59
       Throwing net      |       |       |       |       |       |     1 |       ||     1
 Cast: Animate Skeleton  |       |       |       |       |       |     1 |     1 ||     2
       Apportation       |       |       |       |       |       |       |     2 ||     2
Invok: Curse Item        |       |       |     4 |     3 |     3 |       |     3 ||    13
 Abil: Rolling Charge    |     9 |     5 |     1 |       |       |       |     1 ||    16
Evoke: Wand              |       |       |     7 |     5 |       |     2 |    11 ||    25
       Phial of floods   |       |       |       |     1 |       |       |       ||     1
       Tin of tremorston |       |       |       |       |       |     4 |    10 ||    14
       Lightning rod     |       |       |       |       |       |     6 |    10 ||    16
       Phantom mirror    |       |       |       |       |       |     1 |     1 ||     2
  Use: Scroll            |       |     6 |     5 |    15 |     4 |    10 |     6 ||    46
       Potion            |       |       |     5 |     2 |     2 |       |     5 ||    14
 Stab: Invisible         |       |       |       |     4 |     1 |    14 |     8 ||    27
       Paralysed         |       |       |       |     2 |       |       |       ||     2
       Distracted        |       |       |       |     1 |     5 |    12 |    16 ||    34
Armor: Scale mail        |    37 |       |       |       |       |       |       ||    37
       Chain mail        |    28 |    74 |   130 |   279 |   113 |       |       ||   624
       Plate armour      |       |       |       |       |    13 |   308 |       ||   321
       Quicksilver drago |       |       |       |       |       |    18 |   534 ||   552
Dodge: Dodged            |    14 |    26 |    33 |   111 |    53 |   316 |   634 ||  1187
Block: Kite shield       |    64 |    76 |   118 |   310 |   145 |   459 |   759 ||  1931

Table legend: (Time is in decaauts)
 A = Elapsed time spent in this place.
 B = Non-inter-level travel time spent in this place.
 C = Inter-level travel time spent in this place.
 D = Time resting spent in this place.
 E = Time spent auto-exploring this place.
 F = Levels seen in this place.
 G = Mean time per level.
                   A        B        C        D        E       F      G
               +--------+--------+--------+--------+--------+-----+--------+
         Total |  35396 |  31659 |   3737 |   3927 |  18798 |  54 |  655.5 |
       Dungeon |  17080 |  14835 |   2245 |    861 |  11140 |  15 | 1138.7 |
        Temple |     16 |     10 |      6 |      0 |      0 |   1 |   16.0 |
          Lair |   5641 |   4858 |    783 |    235 |   3922 |   6 |  940.2 |
         Swamp |    646 |    539 |    107 |    193 |      1 |   4 |  161.5 |
   Spider Nest |   2290 |   2038 |    252 |    252 |    974 |   4 |  572.5 |
  Orcish Mines |   1514 |   1263 |    251 |    201 |    726 |   2 |  757.0 |
   Elven Halls |   3260 |   3185 |     75 |    497 |   1828 |   3 | 1086.7 |
        Depths |   1203 |   1187 |     16 |    930 |     10 |   5 |  240.6 |
         Abyss |   2892 |   2892 |      0 |    496 |     48 |  11 |  262.9 |
         Trove |     59 |     59 |      0 |      0 |      0 |   1 |   59.0 |
        Bailey |    538 |    538 |      0 |    218 |    139 |   1 |  538.0 |
       Volcano |    252 |    252 |      0 |     44 |      9 |   1 |  252.0 |
               +--------+--------+--------+--------+--------+-----+--------+

Top non-repeatable levels by time:
    D:10: 2067 daAuts
     D:4: 1415 daAuts
   Elf:3: 1403 daAuts
     D:8: 1389 daAuts
    D:12: 1354 daAuts
     D:3: 1348 daAuts
     D:5: 1339 daAuts
 Abyss:3: 1299 daAuts
   Elf:1: 1213 daAuts
  Lair:6: 1209 daAuts
Spider:1: 1204 daAuts
  Lair:4: 1202 daAuts
    D:11: 1111 daAuts
     D:6: 1101 daAuts
    D:13: 1041 daAuts
